Map: Blackburn LE

Players

Sleven

  • Race: Protoss Protoss
  • Spawn Location: 7:00

Pumba - Winner!

  • Race: Protoss Protoss
  • League: Master
  • Spawn Location: 5:00

VOD

Have the link to the VOD?

Description

Time

  • Played on: March 29, 2022, 9:31 p.m.
  • Length: 5:17
Show
View Real Time Build Order
Export as new Build Order

Sleven Protoss 

Build Orders: Blink Stalkers 

Get SALT Encoding   

  12  0:00  Probe  
  13  0:12  Probe  
  14  0:17  Pylon  
  14  0:24  Probe (Chrono Boost)  
  15  0:36  Probe (Chrono Boost)  
  15  0:39  Gateway  
  16  0:44  Probe (Chrono Boost)  
  16  0:46  Assimilator  
  17  0:51  Probe  
  17  0:56  Assimilator  
  18  1:03  Probe (Chrono Boost)  
  19  1:15  Probe (Chrono Boost), Gateway  
  20  1:23  Probe (Chrono Boost)  
  21  1:27  Cybernetics Core  
  21  1:29  Probe  
  22  1:36  Pylon  
  22  1:41  Probe  
  23  1:54  Probe  
  24  2:03  Stalker x2  
  24  2:04  Warp Gate  
  24  2:07  Probe  
  29  2:17  Pylon  
  29  2:26  Pylon  
  29  2:37  Twilight Council, Stalker  
  29  2:43  Stalker  
  33  3:03  Nexus  
  33  3:10  Blink (Chrono Boost)  
  33  3:22  Shield Battery  
  33  3:30  Stalker  
  35  3:35  Stalker  
  35  3:39  Probe  
  34  4:07  Pylon  
  32  4:11  Stalker  
  32  4:12  Probe  
  32  4:16  Probe  
  36  4:20  Gateway  
  36  4:24  Probe  
  36  4:27  Stalker  
  36  4:29  Probe  
  40  4:36  Probe  
  41  4:39  Stalker  
  41  4:41  Gateway  
  35  4:54  Stalker  
  35  4:56  Probe  
  32  5:09  Stalker  
Show
View Real Time Build Order
Export as new Build Order

Pumba Protoss - Winner!

Build Orders:  

Get SALT Encoding   

  12  0:00  Probe  
  13  0:12  Probe  
  14  0:18  Pylon  
  14  0:25  Probe  
  15  0:37  Probe (Chrono Boost)  
  15  0:39  Gateway  
  16  0:47  Probe (Chrono Boost)  
  16  0:48  Assimilator  
  17  0:52  Probe (Chrono Boost)  
  17  0:56  Assimilator  
  18  1:03  Probe (Chrono Boost)  
  19  1:13  Probe (Chrono Boost)  
  19  1:14  Gateway  
  20  1:21  Probe  
  21  1:31  Cybernetics Core  
  21  1:33  Probe  
  22  1:40  Pylon  
  22  1:46  Probe  
  23  1:58  Probe  
  24  2:04  Pylon  
  24  2:12  Sentry, Stalker  
  24  2:13  Warp Gate  
  28  2:16  Probe  
  29  2:34  Nexus  
  29  2:46  Sentry  
  29  2:47  Sentry  
  29  2:49  Shield Battery  
  33  2:53  Probe  
  34  3:08  Probe  
  34  3:11  Twilight Council  
  35  3:16  Pylon  
  35  3:20  Probe  
  35  3:25  Stalker  
  31  3:34  Stalker  
  40  3:56  Probe  
  41  4:09  Probe (Chrono Boost)  
  43  4:14  Forge  
  43  4:15  Probe (Chrono Boost)  
  43  4:17  Stalker x2  
  43  4:18  Probe (Chrono Boost)  
  43  4:22  Probe (Chrono Boost)  
  43  4:23  Probe (Chrono Boost)  
  50  4:33  Probe  
  51  4:39  Probe  
  51  4:44  Nexus  
  47  5:00  Probe (Chrono Boost)  
  47  5:02  Probe (Chrono Boost)  
  47  5:03  Assimilator, Pylon  
  48  5:07  Gateway  
  48  5:10  Gateway  
Tags
 
Add a new tag
Caveats
  • Supply blocks, unpowered buildings, or Contaminate may cause inaccurate times.
  • Supply counts are checked every 10 seconds.